 Dungeon Crawl Stone Soup version 0.18.1-1-g2f07953 (webtiles) character file.

2621 Jerry the Protected (level 9, 0/74 HPs)
             Began as a Deep Dwarf Fighter on May 7, 2016.
             Slain by a steam dragon (3 damage)
             ... on level 7 of the Dungeon.
             The game lasted 00:38:40 (4996 turns).

Jerry the Protected (Deep Dwarf Fighter)            Turns: 4996, Time: 00:38:40

Health: 0/74       AC: 12    Str: 25    XL:     9   Next: 34%
Magic:  6/6        EV: 14    Int:  9    God:
Gold:   169        SH: 14    Dex: 12    Spells: 0 memorised, 8 levels left

rFire  x . .     SeeInvis .     a - +0 war axe
rCold  . . .     Gourm    .     I - +4 ring mail of Miracles {rF- rN+ Str+2}
rNeg   + . .     Faith    .     L - +2 shield
rPois  .         Spirit   .     (no helmet)
rElec  .         Dismiss  .     P - +0 cloak
rCorr  .         Reflect  .     (no gloves)
SustAt .         Harm     .     (no boots)
MR     +....                    (no amulet)
Stlth  +.........               (no ring)
                                r - +5 ring of evasion

@: very slightly contaminated, non-regenerating, hasted, very quick, somewhat
resistant to hostile enchantments, very unstealthy
A: damage resistance, recharge devices, sense surroundings 2, slow regeneration
3
a: Device Recharging


You were on level 7 of the Dungeon.
You were hungry.

You visited 1 branch of the dungeon, and saw 7 of its levels.
You also visited: Sewer.

You collected 356 gold pieces.
You spent 187 gold pieces at shops.

Inventory:

Hand Weapons
 a - a +0 war axe (weapon)
Missiles
 p - a throwing net (quivered)
Armour
 I - the +4 ring mail of Miracles (worn) {rF- rN+ Str+2}
   (You found it on level 5 of the Dungeon)

   It affects your strength (+2).
   It makes you vulnerable to fire.
   It protects you from negative energy.
 L - a +2 shield (worn)
 O - a +0 chain mail of fire resistance
 P - a +0 cloak (worn)
Jewellery
 r - a +5 ring of evasion (left hand)
Wands
 e - a wand of heal wounds (3/9)
Scrolls
 i - 3 scrolls of remove curse
 j - a scroll of noise {unknown}
 n - 2 scrolls of recharging {unknown}
 o - 4 scrolls of enchant armour {unknown}
 s - 5 scrolls of identify {unknown}
 u - 3 scrolls of magic mapping {unknown}
 v - 2 scrolls of enchant weapon {unknown}
 x - 5 scrolls of teleportation {unknown}
 y - a scroll of fear {unknown}
 A - a scroll of blinking {unknown}
 B - a scroll of amnesia {unknown}
 E - a scroll of fog {unknown}
 N - a scroll of random uselessness {unknown}
Potions
 c - a potion of cancellation {unknown}
 k - 7 potions of heal wounds {unknown}
 l - a potion of invisibility {unknown}
 m - 4 potions of flight {unknown}
 q - 2 potions of mutation {unknown}
 t - 6 potions of curing {unknown}
 z - 2 potions of lignification {unknown}
 D - a potion of ambrosia {unknown}
 G - 2 potions of brilliance {unknown}
 M - a potion of berserk rage {unknown}
Books
 w - a book of Conjurations

   Spells                             Type                      Level
   a - Magic Dart                     Conjuration                  1
   b - Searing Ray                    Conjuration                  2
   c - Dazzling Spray                 Conjuration/Hexes            3
   d - Fulminant Prism                Conjuration/Hexes            4
   e - Iskenderun's Mystic Blast      Conjuration                  4
   f - Iskenderun's Battlesphere      Conjuration/Charms           5
Miscellaneous
 K - a plain deck of changes
Comestibles
 f - 4 bread rations
 g - 8 fruits
 h - a beef jerky
 C - 4 meat rations


   Skills:
 - Level 2.6 Fighting
 - Level 2.1 Axes
 + Level 10.4 Armour
 + Level 10.3 Shields


You had 8 spell levels left.
You didn't know any spells.

Dungeon Overview and Level Annotations

Branches:
Dungeon (7/15)
 Temple: D:4-7

Altars:
Fedhas
Gozag
Kikubaaqudgha
Makhleb
Nemelex Xobeh
Qazlal
Ru
Zin

Shops:
D:4 *   D:5 %(?(!


Innate Abilities, Weirdness & Mutations

You are resistant to damage.
You can recharge devices by infusing magical energy.
You passively map the area around you.
You do not regenerate naturally.


Message History

The steam dragon is heavily wounded.
You are engulfed in a cloud of scalding steam.
The steam dragon bites you.
* * * LOW HITPOINT WARNING * * *
The steam dragon claws you but does no damage.
You hit the steam dragon.
The steam dragon is severely wounded.
You are engulfed in a cloud of scalding steam.
* * * LOW HITPOINT WARNING * * *
You block the steam dragon's attack. x2
You barely miss the steam dragon.
The steam dragon is severely wounded.
The steam dragon breathes steam at you. The ball of steam hits you!
The steam scalds you terribly!
* * * LOW HITPOINT WARNING * * *
You closely miss the steam dragon.
The steam dragon is severely wounded.
You are engulfed in a cloud of scalding steam.
The steam dragon bites you. The steam dragon claws you.
You die...

* * * * * * * ** * * * * #
,, , #####.##### * * *
#cD@....... * *,
#S###.##### * * ,* #.# * #
#.. , #S# >###.##########
** #.# * ..#.#......... ,,
#(# * #.#.#.######## , #(#
#.#.#......... , #######†#
#.#.#########. ,
.D.§D(..#####.............


You could see a steam dragon, a centaur and an adder.

Vanquished Creatures
  Grinder (D:5)
  The ghost of Starve the Stinger, an amateur GrVM (D:5)
  Sigmund (D:4)
  Eustachio (D:5)
  Duvessa (D:6)
  A black bear (D:6)
  An orc warrior (D:6)
  A necrophage (D:7)
  A centaur (D:5)
  Blork the orc (D:6)
  2 big kobolds (Sewer)
  A giant frog (D:6)
  Dowan (D:6)
  A scorpion (D:5)
  3 killer bees (D:7)
  2 crimson imps (D:5)
  4 howler monkeys (D:7)
  A jelly (D:5)
  A quasit (D:7)
  2 giant frog skeletons (D:6)
  4 orc priests
  Crazy Yiuf (D:6)
  3 orc wizards
  Natasha (D:2)
  A worker ant (D:4)
  A howler monkey skeleton (D:7)
  13 adders
  10 gnolls
  4 river rats (Sewer)
  A shadow imp (D:6)
  An ooze (D:6)
  An adder skeleton (D:6)
  2 worms
  3 dart slugs
  2 giant geckos
  12 orcs
  4 ball pythons
  4 giant cockroaches
  11 goblins
  5 hobgoblins
  2 quokkas
  10 bats
  5 giant newts
  18 kobolds
  26 rats
  A fungus (D:6)
174 creatures vanquished.

Notes
Turn   | Place    | Note
--------------------------------------------------------------
     0 | D:1      | Jerry the Deep Dwarf Fighter began the quest for the Orb.
     0 | D:1      | Reached XP level 1. HP: 20/20 MP: 1/1
    46 | D:1      | Reached XP level 2. HP: 25/27 MP: 2/2
   777 | D:2      | Reached XP level 3. HP: 20/33 MP: 3/3
   784 | D:2      | Found a blossoming altar of Fedhas.
  1086 | D:2      | Reached XP level 4. HP: 40/40 MP: 4/4
  1103 | D:2      | Noticed Natasha
  1113 | D:2      | Killed Natasha
  1802 | D:3      | Found a burning altar of Makhleb.
  1802 | D:3      | Noticed a cacodemon
  1812 | D:3      | Noticed an orange demon
  1812 | D:3      | Noticed an orange demon
  1925 | D:4      | Noticed Sigmund
  1930 | D:4      | Killed Sigmund
  1930 | D:4      | Reached skill level 5 in Armour
  1930 | D:4      | Reached skill level 5 in Shields
  1930 | D:4      | Reached XP level 5. HP: 22/46 MP: 5/5
  1930 | D:4      | Reached XP level 6. HP: 26/55 MP: 6/6
  2066 | D:4      | Found a glowing drain.
  2071 | Sewer    | Entered a sewer
  2440 | Sewer    | Reached XP level 7. HP: 48/61 MP: 7/7
  2769 | D:4      | Found Loczajoh's Assorted Antiques.
  3003 | D:5      | Entered Level 5 of the Dungeon
  3013 | D:5      | Found Seigrier's Food Shoppe.
  3033 | D:5      | Found Veikluzei's Weapon Boutique.
  3034 | D:5      | Noticed Grinder
  3050 | D:5      | Killed Grinder
  3058 | D:5      | Reached XP level 8. HP: 25/68 MP: 7/7
  3081 | D:5      | Noticed Eustachio
  3100 | D:5      | Killed Eustachio
  3136 | D:5      | Found Laeper's Magic Scroll Boutique.
  3139 | D:5      | Bought a scroll of remove curse for 33 gold pieces
  3187 | D:5      | Noticed Starve's ghost (amateur GrVM)
  3201 | D:5      | Killed Starve's ghost
  3221 | D:5      | Got a pitted ring mail
  3232 | D:5      | Identified the +4 ring mail of Miracles {rF- rN+ Str+2} (You found it on level 5 of the Dungeon)
  3254 | D:5      | Found Ohomuyn's Distillery.
  3257 | D:5      | Found a sparkling altar of Nemelex Xobeh.
  3262 | D:5      | Found Votuink's Antique Weapon Shoppe.
  3266 | D:5      | Bought a potion of haste for 110 gold pieces
  3266 | D:5      | Bought a potion of agility for 44 gold pieces
  3425 | D:5      | Found an ancient bone altar of Kikubaaqudgha.
  3427 | D:5      | Found an opulent altar of Gozag.
  3427 | D:5      | Found a glowing silver altar of Zin.
  3427 | D:5      | Found a sacrificial altar of Ru.
  3430 | D:5      | Found a stormy altar of Qazlal.
  4093 | D:6      | Noticed Duvessa
  4114 | D:6      | Killed Duvessa
  4118 | D:6      | Noticed Dowan
  4147 | D:6      | Killed Dowan
  4299 | D:6      | Noticed Blork the orc
  4312 | D:6      | Killed Blork the orc
  4317 | D:6      | Gained mutation: You passively map the area around you. [Deep Dwarf growth]
  4317 | D:6      | Reached XP level 9. HP: 41/74 MP: 7/7
  4745 | D:6      | Noticed Crazy Yiuf
  4757 | D:6      | Killed Crazy Yiuf
  4909 | D:7      | Reached skill level 10 in Armour
  4909 | D:7      | Reached skill level 10 in Shields
  4986 | D:7      | HP: 3/74 [steam dragon] (6)]
  4995 | D:7      | HP: 3/74 [steam dragon/ball of steam (8)]
  4996 | D:7      | Slain by a steam dragon

Skill      XL: |  1  2  3  4  5  6  7  8  9 |
---------------+----------------------------+-----
Armour         | 4 5 6 7 9 10 | 10.4
Shields        | 4 5 6 8 9 10 | 10.3
Fighting       | |  2.6
Axes           | |  2.1

Action                   |  1- 3 |  4- 6 |  7- 9 || total
-------------------------+-------+-------+-------++-------
Melee: War axe           |   184 |   223 |   350 ||   757
 Abil: Device Recharging |       |       |     3 ||     3
Evoke: Wand              |     1 |     3 |    11 ||    15
  Use: Potion            |       |     1 |     9 ||    10
  Eat: Chunk             |     1 |     5 |     9 ||    15
Armor: Scale mail        |   123 |    88 |    27 ||   238
       Ring mail         |       |       |    80 ||    80
Dodge: Dodged            |    77 |   113 |   240 ||   430
Block: Shield            |   121 |   129 |   311 ||   561
